 Dungeon Crawl Stone Soup version 0.27.1-34-g3ba077fa99 (webtiles) character file.

Game seed: 11097279421708866844

72 Violens the Covered (level 4, -1/40 HPs)
             Began as a Minotaur Fighter on Jan 27, 2022.
             Was a Believer of Zin.
             Slain by Sigmund (11 damage)
             ... on level 3 of the Dungeon.
             The game lasted 00:11:23 (1430 turns).

Violens the Covered (Minotaur Fighter)              Turns: 1430, Time: 00:11:24

Health: -1/40      AC: 10    Str: 20    XL:     4   Next: 7%
Magic:  3/3        EV:  5    Int:  5    God:    Zin [**....]
Gold:   162        SH:  9    Dex: 11    Spells: 3/3 levels left

rFire    . . .     SeeInvis .   a - +0 long sword
rCold    . . .     Faith    .   c - +0 kite shield
rNeg     . . .     Spirit   .   d - +0 chain mail
rPois    .         Reflect  .   (helmet restricted)
rElec    .         Harm     .   e - +0 cloak
rCorr    .         Rampage  .   (no gloves)
Will     .....                  (no boots)
Stlth    ..........             (no amulet)
HPRegen  0.13/turn              (no ring)
MPRegen  0.08/turn              (no ring)

@: no status effects
A: horns 2, retaliatory headbutt
a: Renounce Religion, Recite, Vitalisation, Donate Gold


You were on level 3 of the Dungeon.
You worshipped Zin.
Zin was pleased with you.
You visited 1 branch of the dungeon, and saw 3 of its levels.

You collected 180 gold pieces.
You donated 18 gold pieces to Zin.

Inventory:

Hand Weapons
 a - a +0 long sword (weapon)
 b - a +0 spear
 f - a +3 quarterstaff of chaos
Missiles
 i - 14 poisoned darts (quivered)
Armour
 c - a +0 kite shield (worn)
 d - a +0 chain mail (worn)
 e - a +0 cloak (worn)
Wands
 j - a wand of mindburst (21)
Scrolls
 l - a scroll of amnesia {unknown}
 m - a scroll of enchant weapon {unknown}
Potions
 g - a potion of brilliance {unknown}
 h - a potion of might
 k - a potion of degeneration {unknown}


   Skills:
 + Level 4.2 Fighting
 + Level 3.2 Long Blades
 + Level 4.3 Armour
 + Level 0.4 Dodging
 + Level 4.3 Shields


You had 3 spell levels left.
You didn't know any spells.
Your spell library was empty.

Dungeon Overview and Level Annotations

Branches:
Dungeon (3/15)

Altars:
Zin

Annotations:
D:3 Sigmund


Innate Abilities, Weirdness & Mutations

You have a pair of horns on your head.
You reflexively headbutt those who attack you in melee.


Message History

You slash the ball python!
You kill the ball python!
You barely miss the kobold. You block the kobold's attack.
The kobold hits you but does no damage.
You slash the kobold!
You kill the kobold!
Sigmund the Dreaded comes into view.
He is wielding a +0 scythe.
Sigmund moves out of view.
Things that are here:
a +0 dagger; a kobold corpse
There are no items here.
Throw: 15 darts (poison)
Press: ? - help, Q - select action, (/) - cycle Shift-Dir - straight line, f - Sigmund
Aim: Sigmund, wielding a +0 scythe and wearing a +0 robe (53% to hit)
You throw a poisoned dart. The poisoned dart hits Sigmund.
Sigmund is poisoned.
Sigmund mumbles some strange words.
Sigmund flickers and vanishes!
Deactivating autopickup; reactivate with Ctrl-A.
A magic dart appears from out of thin air!
The magic dart hits you but does no damage.
Something hits you!
You closely miss something. Your headbutt misses something.
You block something's attack.
You barely miss something. Your headbutt misses something.
Something hits you but does no damage.
You closely miss something. Your headbutt misses something. Something hits you.
You miss something. Something hits you.
You hit something.
You hear some strange, mumbled words.
A puff of flame appears from out of thin air!
The puff of flame hits you.
You closely miss something. Your headbutt misses something.
Something completely misses you.
You miss something. Something hits you.
You barely miss something. Something hits you but does no damage.
You closely miss something. Something hits you.
You miss something. You headbutt something. Something hits you!
* * * LOW HITPOINT WARNING * * *
You hit something. Something hits you!
You die...

######. . #. . ##
### #. .. #.## ...
#. # # ..## .. #..
.... #..##.##..##
.....###...#.#.....
......{@...........
.....##...)........
... #..........# .
###....#.....#
#......<..#####
#.##.##.....# #
#.##.###.# . #....#
#.######(..
.#####.###..........


There were no monsters in sight!

Vanquished Creatures
  Crazy Yiuf (D:2)
  An adder (D:2)
  A dart slug (D:2)
  3 endoplasms
  4 giant cockroaches
  A goblin (D:2)
  4 hobgoblins (D:1)
  A quokka (D:1)
  3 ball pythons
  4 bats
  2 frilled lizards (D:2)
  4 kobolds
  4 rats
33 creatures vanquished.

Notes
Turn   | Place    | Note
-------+----------+-------------------------------------------
     0 | D:1      | Violens the Minotaur Fighter began the quest for the Orb.
     0 | D:1      | Reached XP level 1. HP: 19/19 MP: 0/0
   198 | D:1      | Reached XP level 2. HP: 22/27 MP: 1/1
   633 | D:2      | Found a runed translucent door.
   634 | D:2      | Noticed Crazy Yiuf
   640 | D:2      | Killed Crazy Yiuf
   641 | D:2      | Reached XP level 3. HP: 11/33 MP: 2/2
   955 | D:2      | Found a faded altar of an unknown god.
   968 | D:2      | Became a worshipper of Zin the Law-Giver
   968 | D:2      | Reached * piety under Zin
   968 | D:2      | Reached ** piety under Zin
  1138 | D:2      | You fall into a shaft and drop 1 floor!
  1149 | D:3      | Reached XP level 4. HP: 40/40 MP: 3/3
  1415 | D:3      | Noticed Sigmund
  1430 | D:3      | Slain by Sigmund

Illustrated notes

Levels and vault maps discovered:
D:1:      dpeg_arrival_tiny_a, layout_basic, serial_glass, glass_columns_b,
          glass_columns_a, glass_columns_c, glass_columns_c, glass_columns_b,
          minmay_misc_feat_pillars
D:2:      layout_rooms, shapermc_ecumenical_altar_starsandcircs,
          uniq_crazy_yiuf_cottage
D:3:      layout_loops_cross, serial_shops, nicolae_shop_statue_plus,
          grunt_ministairs_15, uniq_sigmund

Skill      XL: |  1  2  3 |
---------------+----------+-----
Shields        | 4 |  4.3
Fighting       | 4 |  4.2
Armour         | 4 |  4.3
Long Blades    | 3 |  3.2
Dodging        | |  0.4

Action                   |  1- 3 |  4- 6 || total
-------------------------+-------+-------++-------
Melee: Long sword        |    69 |    20 ||    89
       Headbutt          |     9 |     2 ||    11
Throw: Dart              |       |     1 ||     1
  Use: Scroll            |     3 |       ||     3
Armor: Scale mail        |    10 |       ||    10
       Chain mail        |    16 |     8 ||    24
Dodge: Dodged            |    20 |     3 ||    23
Block: Kite shield       |    23 |     3 ||    26
       Rpst.: Long sword |     4 |     1 ||     5
